 Dungeon Crawl Stone Soup version 0.17-a0-1582-ge6b0260 (webtiles) character file.

2193737 patman the Talismancer (level 27, 114/305 HPs)
             Began as a Demonspawn Artificer on July 25, 2015.
             Was the Champion of Ru.
             Escaped with the Orb
             ... and 4 runes on July 27, 2015!
             The game lasted 06:23:07 (84366 turns).

patman the Talismancer (Demonspawn Artificer)      Turns: 84366, Time: 06:23:07

Health: 114/305    AC: 42    Str: 20    XL:     27
Magic:  31/40      EV:  9    Int: 17    God:    Ru [******]
Gold:   4655       SH:  0    Dex: 17    Spells: 4 memorised, 19 levels left

rFire  + . .     SeeInvis +     a - +9 eveningstar (flame)
rCold  . . .     Clarity  .     r - +10 plate armour {rF+}
rNeg   . . .     SustAt   .     (shield unavailable)
rPois  .         Gourm    .     (helmet unavailable)
rElec  .         Spirit   +     C - +2 cloak {MR+}
rCorr  .         Warding  .     i - +2 pair of gloves
rMut   .         Stasis   .     K - +2 pair of boots
MR     +++..                    Z - amulet of regeneration
Stlth  ..........               T - +5 ring of slaying
                                (ring unavailable)

@: very slightly contaminated, hasted, repel missiles, very quick, extremely
resistant to hostile enchantments, extremely unstealthy
A: hooves 1, horns 3, repulsion field 3, see invisible, agile 1, sense
surroundings 1, robust 3, spiny 3, magic shield, magic regeneration, magic link,
missing a hand, hated by all, inability to train dodging, slow reflexes 1,
missing an eye
a: Draw Out Power, Power Leap, Apocalypse, Renounce Religion
0: Orb of Zot
}: 4/15 runes: serpentine, barnacled, slimy, silver


You escaped.
You worshipped Ru.
Ru was exalted by your worship.
You were not hungry.

You visited 11 branches of the dungeon, and saw 60 of its levels.
You visited the Abyss 1 time.
You visited 1 ziggurat, and saw 16 of its levels.
You also visited: Labyrinth, Trove, Ice Cave and Volcano.

You collected 10712 gold pieces.
You spent 6057 gold pieces at shops.

Inventory:

Hand weapons
 a - a +9 eveningstar of flaming (weapon)
 g - the +18 lance "Wyrmbane" {slay drac, +Rage rPois rF+ AC+5}
   (You found it on level 2 of the Realm of Zot)

   It affects your AC (+5).
   It protects you from fire.
   It protects you from poison.
   It lets you go berserk.
Armour
 i - a +2 pair of gloves (worn)
 r - a +10 plate armour of fire resistance (worn)
 C - a +2 cloak of magic resistance (worn)
 K - a +2 pair of boots (worn)
Rods
 b - a +7 iron rod (15/15)
   (You found it in a labyrinth)
 c - a +8 iron rod (17/17)
   (You took it off a deep elf death mage on level 3 of the Elven Halls)
 w - a +3 rod of inaccuracy (15/15)
   (You found it on level 10 of a ziggurat)
 P - a +3 rod of clouds (13/17)
   (You found it on level 5 of a ziggurat)
Jewellery
 t - the amulet "Pianwun" {rCorr Stlth+}
   (You found it on level 5 of the Vaults)

   [amulet of resist corrosion]

   It protects you from acid and corrosion.
   It makes you more stealthy.
 I - an uncursed ring of protection from cold
 Q - the amulet of the Four Winds {Clar rN+ MR+++}
   (You took it off an orc knight on level 5 of the Vaults)

   [amulet of clarity]

   It provides mental clarity.
   It protects you from negative energy.
   It affects your resistance to hostile enchantments.
 S - the ring "Imnam" {Fire rElec}
   (You bought it in a shop on level 4 of the Snake Pit)

   [ring of fire]

   It enhances your fire magic, and weakens your ice magic.
   It protects you from fire.
   It makes you vulnerable to cold.
   It insulates you from electricity.
 T - a +5 ring of slaying (right hand)
 Z - an amulet of regeneration (around neck)
Magical devices
 j - a wand of digging (2)
 p - a wand of teleportation (6)
 v - a wand of cold (4)
 y - a wand of disintegration (2)
 J - a wand of draining (5)
 M - a wand of cold (3)
 N - a wand of teleportation (4)
 O - a wand of invisibility (6)
 R - a wand of teleportation (4)
 V - a wand of fire (0)
Scrolls
 d - 2 scrolls of enchant weapon
 k - 6 scrolls of magic mapping
 m - 22 scrolls of remove curse
 s - 10 scrolls of fog
 A - 16 scrolls of teleportation
 B - 11 scrolls of blinking
 F - 7 scrolls of recharging
 U - 4 scrolls of enchant armour
 W - 4 scrolls of silence
 X - 13 scrolls of fear
Potions
 e - 3 potions of magic
 h - 3 potions of flight
 l - 5 potions of cancellation
 n - 4 potions of cure mutation
 x - 17 potions of curing
 z - 6 potions of might
 E - 4 potions of resistance
 H - 6 potions of haste
 L - 7 potions of heal wounds
Miscellaneous
 o - a lamp of fire
 q - a disc of storms
 u - a fan of gales
 G - a phial of floods
Comestibles
 f - a bread ration
 D - 36 fruits


   Skills:
 - Level 23.1 Fighting
   Level 7.6 Short Blades
 - Level 19.0 Maces & Flails
 - Level 14.2 Polearms
 - Level 22.5 Armour
 - Level 0.8 Stealth
 - Level 1.5 Spellcasting
 - Level 4.4 Hexes
 * Level 17.1 Translocations
 O Level 27 Evocations


You had 19 spell levels left.
You knew the following spells:

 Your Spells              Type           Power        Failure   Level  Hunger
a - Apportation           Tloc           ######....   1%          1    ##.....
b - Corona                Hex            ###....      24%         1    ##.....
P - Phase Shift           Tloc           ######....   2%          5    ######.
R - Regeneration          Chrm/Necr      #.........   100%        3    ####...


Dungeon Overview and Level Annotations

Branches:
Dungeon (15/15)            Temple (1/1) D:6            Lair (8/8) D:9
 Shoals (4/4) Lair:6        Snake (4/4) Lair:6        Slime (6/6) Lair:6
    Orc (4/4) D:12            Elf (3/3) Orc:4        Vaults (5/5) D:13
  Crypt (0/3) Vaults:3     Depths (5/5) D:15            Zot (5/5) Depths:5

Altars:
Ashenzari
Cheibriados
Dithmenos
Elyvilon
Fedhas
Gozag
Kikubaaqudgha
Makhleb
Nemelex Xobeh
Okawaru
Qazlal
Ru
Sif Muna
Trog
Vehumet
Xom
Yredelemnul
Zin
The Shining One
Beogh
Jiyva
Lugonu

Shops:
D:4 %   D:10 !(!*   D:11 !   D:13 *   Orc:2 =   Orc:3 %   Orc:4 ([}*:
Shoals:2 !   Shoals:3 !**   Snake:1 (%   Snake:4 =*   Vaults:3 ?
Depths:2 %![*

Portals:
Hell: Depths:1 Depths:2 Depths:3 Depths:4 Depths:5
Abyss: Depths:1 Depths:4
Pandemonium: Depths:2 Depths:3


Innate Abilities, Weirdness & Mutations

You have a pair of large horns on your head.
You are surrounded by a strong repulsion field (EV +4, rMsl).
You are extremely robust (+30% HP).
You are completely covered in sharp spines.
When hurt, damage is shared between your health and your magic reserves.
You regenerate magic rapidly.
When low on magic, you restore magic in place of health.
You are missing a hand.
You are hated by all.
You cannot train Dodging skill.
You have somewhat slow reflexes. (-3 EV)
You are missing an eye, making it more difficult to aim.
You have large cloven feet.
You have supernaturally acute eyesight.
You are agile. (Dex +2)
You passively map a small area around you.


Message History

Where to? (Enter - D:1 @ (x,y), ? - help)
A hell beast comes into view.
Drink which item? (? for menu, Esc to quit)
You feel yourself speed up.
The hell beast howls!
You are very lightly contaminated with residual magic.
An Orb Guardian comes into view.
The hell beast is struck by your spines.
The hell beast bites you but does no damage.
The hell beast barely misses you.
The Orb Guardian is struck by your spines.
The Orb Guardian hits you but does no damage.
The Orb Guardian hits you!!
There is a staircase leading out of the dungeon here.
The hell beast is struck by your spines.
The hell beast bites you but does no damage.
The hell beast tramples you but does no damage.
The Orb Guardian is struck by your spines.
The Orb Guardian hits you!!
You have escaped!

#.#
#.#.....#.#
#†#
#.........#
#.#
#.........#
#######.#
#.#.....#.#
........#
#.........#
#########
#.........#
#.#.....#.#
#...X2....#
#....@....#
###########


You could see a hell beast and an Orb Guardian.

Vanquished Creatures
  the royal jelly (Slime:6)
  5 orbs of fire
  13 ancient liches
  Sojobo (Depths:1)
  Frederick (Vaults:5)
  4 pandemonium lords
  Vashnia (Snake:2)
  2 curse toes (Zot:5)
  7 Killer Klowns
  5 golden dragons
  Nikola (Shoals:2)
  the Enchantress (Depths:3)
  A bone dragon (Depths:4)
  2 electric golems (Zot:5)
  15 tentacled monstrosities
  Jorgrun (Depths:3)
  A Brimstone Fiend (D:1)
  2 liches
  An Ice Fiend (IceCv)
  24 Orb Guardians
  7 titans
  6 deep elf blademasters
  6 deep elf master archers
  28 acid blobs
  2 tentacled starspawn
  3 quicksilver dragons
  10 tengu reavers
  An eldritch tentacle (Zot:5)
  3 sphinxes
  3 krakens
  6 shadow dragons
  Frances (D:12)
  15 storm dragons
  Kirke (Lair:7)
  3 draconian monks
  Roxanne (Shoals:2)
  Ilsuiw (Shoals:4)
  14 greater nagas
  An azure jelly (shapeshifter) (Zig:9)
  15 vault wardens
  13 azure jellies
  2 iron dragons (Vaults:5)
  Maud (Lair:8)
  The ghost of HEYYEYAAE the Warrior, a powerful DrBe of Trog (Elf:2)
  8 fire giants
  10 draconian knights
  7 deep elf sorcerers
  4 orc warlords
  3 draconian scorchers
  Aizul (Snake:1)
  16 frost giants
  A ghost moth (shapeshifter) (Vaults:5)
  3 ghost moths
  11 draconian zealots
  20 ironheart preservers
  A balrug (D:1)
  3 spriggan defenders (Depths:3)
  7 draconian shifters
  3 draconian annihilators
  6 reapers (Zig:14)
  A ghoul (Abyss:3)
  6 war gargoyles
  24 very ugly things
  15 stone giants
  5 draconian callers
  A vampire knight (Depths:4)
  Nessos (Lair:8)
  12 deep elf demonologists
  A lorocyproca (Zot:4)
  8 deep elf annihilators
  3 salamander stormcallers
  5 purple draconians
  22 yellow draconians
  6 large abominations
  5 black draconians
  14 green draconians
  16 mottled draconians
  17 white draconians
  2 blizzard demons
  10 red draconians
  6 merfolk javelineers
  2 green deaths
  8 deep elf death magi (Elf:3)
  4 crystal guardians
  5 death oozes (Slime:6)
  A minotaur (Lab)
  3 jiangshi (Depths:3)
  5 merfolk impalers (Shoals:4)
  40 vault guards
  26 fire dragons
  17 ettins
  A quicksilver dragon zombie (Zig:14)
  7 deep elf high priests
  7 death cobs
  11 great orbs of eyes
  22 yaktaur captains
  2 catoblepae
  9 ice dragons
  16 naga warriors
  3 entropy weavers
  7 hydras
  5 spriggan air magi
  Erolcha (D:12)
  6 anacondas
  3 merfolk avatars
  18 ogre magi
  Erica (Orc:1)
  8 merfolk aquamancers
  An anaconda (shapeshifter) (Elf:2)
  An alligator snapping turtle (Shoals:4)
  18 dancing weapons
  3 satyrs
  3 rakshasas
  16 centaur warriors
  12 death yaks
  An alligator (Zig:8)
  A queen ant (Lair:5)
  5 vampire magi
  A thrashing horror (Abyss:3)
  9 deep troll shamans
  4 tengu warriors
  9 orc high priests
  Urug (D:12)
  23 naga sharpshooters
  5 shock serpents
  2 sun demons
  11 deep troll earth magi
  3 fire crabs (shapeshifter)
  7 small abominations
  6 spriggan berserkers
  2 soul eaters (Depths:1)
  Sonja (D:14)
  27 deep elf knights
  2 shadow wraiths
  A wretched star (Zig:4)
  15 sea snakes
  A flayed ghost (Depths:3)
  4 salamander mystics
  A storm dragon skeleton (Vaults:3)
  5 iron trolls
  5 fire crabs
  10 ice devils
  12 skeletal warriors
  9 naga ritualists
  4 giant orange brains
  A harpy (shapeshifter) (Vaults:4)
  7 unseen horrors
  A shadow demon (D:10)
  A death drake (shapeshifter) (Zig:15)
  2 swamp dragons (Zig:8)
  29 deep trolls
  An ice statue (IceCv)
  A spriggan druid (Zig:8)
  An obsidian statue (Depths:1)
  24 deep elf summoners
  An unseen horror (shapeshifter) (D:14)
  2 shambling mangroves (Zig:8)
  12 hill giants
  8 harpies
  17 deep elf conjurers
  5 necromancers
  4 phantasmal warriors
  8 ironbrand convokers
  8 mana vipers
  16 griffons
  A hill giant (shapeshifter) (Depths:4)
  A sphinx zombie (Zig:14)
  6 wolf spiders
  A cyclops (shapeshifter) (Vaults:5)
  9 shining eyes
  2 orb spiders (shapeshifter)
  14 manticores
  A putrid demonspawn (Depths:2)
  10 fauns
  2 tengu skeletons (Vaults:3)
  6 oklob plants
  23 orc knights
  2 lindwurms
  A sphinx skeleton (Zig:14)
  19 salamanders
  2 shining eyes (shapeshifter)
  67 ugly things
  16 cyclopes
  7 wizards
  7 orc sorcerers
  A moth of wrath (shapeshifter) (Zig:6)
  25 moths of wrath
  An apocalypse crab (Zig:9)
  A sixfirhy (D:3)
  13 vault sentinels
  16 elephants
  3 rust devils (Zig:14)
  A frost giant skeleton (Zig:14)
  5 hornets
  Maurice (D:9)
  3 water nymphs
  A spriggan zombie (Zig:14)
  A guardian serpent (shapeshifter) (Vaults:1)
  An elf zombie (Zig:14)
  4 centaur zombies
  2 torpor snails
  7 guardian serpents
  28 naga magi
  An octopode (shapeshifter) (Zig:9)
  A torpor snail (shapeshifter) (Zig:15)
  Psyche (D:9)
  46 black mambas
  An orange crystal statue (Zig:1)
  4 eyes of devastation
  6 sirens
  3 storm dragon simulacra
  13 spiny frogs
  6 gargoyles
  2 kobold demonologists
  4 orange demons
  3 tengu conjurers
  4 smoke demons
  16 komodo dragons
  79 yaktaurs
  2 elves (Depths:2)
  2 golden dragon simulacra (IceCv)
  2 tormentors (Zig:14)
  24 deep elf priests
  5 blue devils
  3 efreet
  4 red devils
  2 wind drakes (Shoals:4)
  2 ancient zymes
  8 freezing wraiths
  4 hellwings
  8 trolls
  4 polar bears
  25 merfolk
  33 two-headed ogres
  3 queen bees (shapeshifter)
  2 jumping spiders (Depths:4)
  13 blink frogs
  2 tengu simulacra
  A two-headed ogre (shapeshifter) (Elf:3)
  A snapping turtle (shapeshifter) (Vaults:5)
  6 fire drakes
  7 boulder beetles
  2 blink frogs (shapeshifter)
  50 slime creatures
  A giant leech (Zig:8)
  2 raiju
  3 tarantellas
  3 spriggans
  10 vampires
  40 deep elf magi
  6 flying skulls (Depths:4)
  3 centaur simulacra
  Sigmund (D:3)
  11 snapping turtles
  A dire elephant simulacrum (IceCv)
  2 ettin skeletons (Vaults:3)
  7 air elementals
  5 golden eyes
  3 shadows (D:15)
  2 human simulacra
  16 redbacks
  5 wyverns
  57 yaks
  2 ynoxinuls (Abyss:3)
  4 hungry ghosts
  20 water elementals
  8 humans
  2 hogs (Lair:7)
  2 trapdoor spiders
  2 death yak simulacra (IceCv)
  20 hippogriffs
  37 wolves
  Eustachio (D:5)
  A yak (shapeshifter) (D:15)
  3 fire elementals (Depths:1)
  36 deep elf fighters
  A wraith (D:15)
  Grum (D:8)
  2 chaos spawn
  12 wargs
  A neqoxec (D:2)
  3 fire bats (Volcano)
  4 steam dragons
  7 basilisks
  19 soldier ants (Lair:5)
  19 water moccasins
  An insubstantial wisp (Zig:3)
  4 mottled dragons
  47 nagas
  8 harpy simulacra (IceCv)
  4 sky beasts
  18 vampire mosquitoes
  15 porcupines
  2 hell hounds (Zig:14)
  4 ice beasts
  An iron troll simulacrum (IceCv)
  63 orc warriors
  3 black bears
  A black bear (shapeshifter) (Depths:1)
  An ettin simulacrum (IceCv)
  A necrophage (D:7)
  71 ogres
  A spriggan simulacrum (Depths:1)
  4 wasps
  8 eyes of draining
  2 swamp drakes
  2 eyes of draining (shapeshifter)
  2 hydra simulacra (IceCv)
  6 boggarts
  A phantom (D:13)
  15 crocodiles
  2 elf skeletons (Vaults:3)
  A brain worm (D:15)
  27 centaurs
  A big kobold (D:11)
  18 giant frogs
  A giant frog (shapeshifter) (Vaults:4)
  3 wyvern zombies
  8 human skeletons (Vaults:3)
  7 scorpions
  2 spectral wargs (Depths:2)
  9 killer bees
  25 wights
  An electric eel (D:10)
  4 draconian simulacra (IceCv)
  10 human zombies (Depths:4)
  15 crimson imps
  2 giant frog zombies
  12 iron imps
  7 centaur skeletons
  Crazy Yiuf (D:7)
  2 hell rats (Depths:4)
  5 hounds
  43 jellies
  40 orc wizards
  4 giant frog skeletons
  21 iguanas
  19 orc priests
  3 quasits
  3 gnoll shamans
  3 troll simulacra (IceCv)
  38 sheep
  31 worker ants
  2 wolf simulacra (IceCv)
  2 giant frog simulacra (D:10)
  54 gnolls
  A worker ant zombie (D:8)
  9 adders
  52 river rats
  2 naga simulacra (IceCv)
  11 shadow imps
  12 white imps
  An ogre simulacrum (IceCv)
  A worker ant simulacrum (D:10)
  10 ufetubi
  2 oozes
  2 adder skeletons
  2 adder zombies
  2 worms
  3 giant geckos
  228 orcs
  20 bats
  A bat skeleton (D:7)
  2 bat zombies
  6 giant cockroaches
  23 goblins
  22 hobgoblins
  23 jackals
  28 kobolds
  A quokka (D:2)
  2 ball pythons
  7 giant newts
  19 rats
  A crawling corpse (Vaults:5)
  A plant (D:12)
  3 starspawn tentacles (Zig:4)
  9 tentacles
  3 tentacle segments
3466 creatures vanquished.

Vanquished Creatures (collateral kills)
  A kobold (D:3)
1 creature vanquished.

Vanquished Creatures (others)
  A tentacled monstrosity (Zot:1)
  2 Orb Guardians (Zot:5)
  A deep elf blademaster (Elf:2)
  A draconian monk (Zig:11)
  A greater naga (Zig:13)
  A vault warden (Vaults:5)
  A draconian knight (Zot:2)
  A fire giant (Depths:2)
  3 draconian zealots
  A deep elf sorcerer (Elf:3)
  2 draconian annihilators
  A reaper (Zig:14)
  A draconian caller (Zig:11)
  A black draconian (Zot:1)
  A deep elf annihilator (Elf:3)
  A merfolk javelineer (Shoals:4)
  A merfolk impaler (Shoals:4)
  An ogre mage (Vaults:2)
  A deep elf high priest (Zig:15)
  A fire dragon (Zot:3)
  A rakshasa (D:15)
  A spriggan air mage (Depths:5)
  An ice dragon (Depths:2)
  2 centaur warriors
  An anaconda (Lair:6)
  A satyr (Shoals:3)
  An iron troll (Depths:2)
  A shadow wraith (Vaults:5)
  2 deep trolls
  A spriggan druid (Zig:8)
  A hill giant (Vaults:1)
  A sea snake (Shoals:4)
  An orc sorcerer (D:15)
  A griffon (Shoals:1)
  A hornet (Zig:8)
  A deep elf conjurer (Vaults:1)
  An orc knight (Vaults:2)
  A manticore (D:15)
  A black mamba (Zig:13)
  6 ugly things
  A salamander (Snake:3)
  A naga mage (Zig:13)
  A vault sentinel (Zig:6)
  A torpor snail (Lair:7)
  A troll (shapeshifter) (Vaults:2)
  A deep elf priest (Vaults:5)
  2 yaktaurs
  A blink frog (Lair:6)
  A two-headed ogre (Vaults:5)
  2 slime creatures
  An air elemental (Depths:5)
  A redback (Depths:4)
  A ynoxinul (Depths:1)
  A deep elf fighter (Zig:15)
  A yak (Lair:7)
  A mottled dragon (Lair:8)
  A soldier ant (Lair:5)
  A swamp worm (shapeshifter) (Depths:1)
  5 orc warriors
  An ice beast (D:10)
  2 centaurs
  2 ogres
  A scorpion (shapeshifter) (D:15)
  A jelly (Slime:2)
  2 iguanas
  An iron imp (Depths:1)
  An orc priest (Vaults:5)
  An elf simulacrum (Vaults:3)
  A worker ant (Lair:5)
  3 gnolls (D:5)
  A shadow imp (Depths:1)
  2 ufetubi (IceCv)
  5 orcs
  A hobgoblin (Zig:7)
  A goblin (Zig:1)
  18 eldritch tentacle segments (Zot:5)
  21 fungi
  22 plants
  3 starspawn tentacles
  8 starspawn tentacle segments
  20 tentacles
  362 tentacle segments
556 creatures vanquished.

Grand Total: 4023 creatures vanquished

Notes
Turn   | Place    | Note
--------------------------------------------------------------
     0 | D:1      | patman the Demonspawn Artificer began the quest for the Orb.
     0 | D:1      | Reached XP level 1. HP: 15/15 MP: 3/3
   188 | D:1      | Gained mutation: You are surrounded by a mild repulsion field (EV +2). [demonic ancestry]
   188 | D:1      | Reached XP level 2. HP: 21/21 MP: 4/4
   224 | D:1      | Reached skill level 1 in Armour
   823 | D:2      | Reached XP level 3. HP: 24/26 MP: 5/5
  1499 | D:3      | Reached XP level 4. HP: 16/32 MP: 6/6
  1705 | D:3      | Noticed Sigmund
  1722 | D:3      | Killed Sigmund
  1722 | D:3      | Reached skill level 4 in Armour
  1722 | D:3      | Gained mutation: You are partially covered in sharp spines. [demonic ancestry]
  1722 | D:3      | Reached XP level 5. HP: 28/41 MP: 7/7
  2024 | D:3      | Gained mutation: You are mostly covered in sharp spines. [demonic ancestry]
  2024 | D:3      | Reached XP level 6. HP: 47/47 MP: 8/8
  2282 | D:4      | Found a shattered altar of Ashenzari.
  2320 | D:4      | Got an ichor-stained short sword
  2321 | D:4      | Identified the +8 short sword of Brutal Revenge {freeze, Dex+3} (You found it on level 4 of the Dungeon)
  2330 | D:4      | Found Reaf's Food Shoppe.
  2337 | D:4      | Reached skill level 1 in Short Blades
  2756 | D:4      | Found a stormy altar of Qazlal.
  2803 | D:5      | Entered Level 5 of the Dungeon
  2809 | D:5      | Got a dazzling shortbow
  2875 | D:5      | Reached XP level 7. HP: 27/52 MP: 9/9
  3065 | D:5      | Noticed Eustachio
  3081 | D:5      | Killed Eustachio
  3117 | D:5      | Noticed a water moccasin
  3120 | D:5      | Killed a water moccasin
  3120 | D:5      | Reached skill level 5 in Short Blades
  3256 | D:5      | Identified the +3 shortbow "Cixkan" {flame, rC++ MP+9 SInv Stlth+} (You found it on level 5 of the Dungeon)
  3349 | D:5      | Reached skill level 6 in Short Blades
  3355 | D:5      | Reached XP level 8. HP: 32/58 MP: 10/10
  3450 | D:5      | Reached skill level 7 in Short Blades
  3978 | D:6      | Found a blossoming altar of Fedhas.
  4116 | D:6      | Reached skill level 5 in Armour
  4168 | D:6      | Found a sparkling altar of Nemelex Xobeh.
  4204 | D:6      | Reached skill level 5 in Fighting
  4462 | D:6      | Reached XP level 9. HP: 68/68 MP: 11/11
  4605 | D:6      | Found a staircase to the Ecumenical Temple.
  4612 | Temple   | Entered the Ecumenical Temple
  4705 | Temple   | Became a worshipper of Ru the Awakened
  5292 | D:7      | Noticed Crazy Yiuf
  5296 | D:7      | Killed Crazy Yiuf
  5549 | D:8      | Gained mutation: You cannot train Dodging skill. [Ru sacrifice]
  5549 | D:8      | Acquired Ru's first power
  5703 | D:8      | Found a blossoming altar of Fedhas.
  5708 | D:8      | Found a glowing golden altar of the Shining One.
  5714 | D:8      | Found a shimmering altar of Xom.
  5847 | D:8      | Found a bloodstained altar of Trog.
  5848 | D:8      | Found an iron altar of Okawaru.
  5932 | D:8      | Reached XP level 10. HP: 80/80 MP: 12/12
  6176 | D:8      | Noticed Grum
  6179 | D:8      | Reached skill level 8 in Armour
  6190 | D:8      | Killed Grum
  6434 | D:9      | Found a staircase to the Lair.
  6679 | D:9      | Noticed Maurice
  6703 | D:9      | Killed Maurice
  6703 | D:9      | Reached skill level 9 in Fighting
  7205 | D:9      | Noticed Psyche
  7210 | D:9      | Killed Psyche
  7409 | D:9      | Gained mutation: You are hated by all. [Ru sacrifice]
  7409 | D:9      | Acquired Ru's second power
  7523 | D:10     | Entered Level 10 of the Dungeon
  7649 | D:10     | Reached skill level 10 in Fighting
  7676 | D:10     | Reached skill level 10 in Armour
  7676 | D:10     | Gained mutation: When hurt, damage is shared between your health and your magic reserves. [demonic ancestry]
  7676 | D:10     | Reached XP level 11. HP: 42/90 MP: 13/13
  7831 | D:10     | Found Soixkol's Distillery.
  7839 | D:10     | Bought a potion of heal wounds for 60 gold pieces
  7897 | D:10     | Found Sieloew's Distillery.
  7902 | D:10     | Found Wapluc's Assorted Antiques.
  7910 | D:10     | Bought a brass wand for 100 gold pieces
  7939 | D:10     | Noticed a hill giant
  7947 | D:10     | Killed a hill giant
  8019 | D:10     | Got a dazzling rapier
  8021 | D:10     | Identified the +11 rapier "Zemazub" {pierce, MR+ Dex+3} (You found it on level 10 of the Dungeon)
  8172 | D:10     | Noticed a cyclops
  8187 | D:10     | Killed a cyclops
  8481 | D:10     | Reached skill level 11 in Fighting
  8726 | D:10     | Found Quuladog's Weapon Shoppe.
  8858 | D:11     | Found Orghi's Distillery.
  8869 | D:11     | Bought a potion of berserk rage for 60 gold pieces
  8886 | D:11     | Noticed a hill giant
  8895 | D:11     | Killed a hill giant
  8957 | D:11     | Gained mutation: You are missing a hand. [Ru sacrifice]
  8957 | D:11     | Acquired Ru's third power
  8957 | D:11     | Acquired Ru's fourth power
  8957 | D:11     | Acquired Ru's fifth power
  9015 | D:11     | Found a deep blue altar of Sif Muna.
  9408 | D:12     | Found a labyrinth entrance.
  9408 | D:12     | Noticed Erolcha
  9415 | D:12     | Noticed a tengu warrior
  9432 | D:12     | Killed Erolcha
  9432 | D:12     | Reached skill level 12 in Fighting
  9444 | D:12     | Killed a tengu warrior
  9472 | Lab      | Entered a labyrinth
  9868 | Lab      | Killed an unseen horror
  9868 | Lab      | Gained mutation: You have a pair of small horns on your head. [demonic ancestry]
  9868 | Lab      | Reached XP level 12. HP: 99/102 MP: 14/14
  9891 | Lab      | Killed an unseen horror
 10651 | Lab      | Noticed a minotaur
 10660 | Lab      | Killed a minotaur
 10666 | Lab      | Got a transparent tin amulet
 10668 | Lab      | Identified the amulet of Qomekh {+Rage Str+4} (You found it in a labyrinth)
 10674 | Lab      | Identified Zaoponez's Guide on the Compass and Envenoming (You found it in a labyrinth)
 10867 | D:12     | Noticed Urug
 10882 | D:12     | Killed Urug
 10894 | D:12     | Noticed Frances
 10905 | D:12     | Killed Frances
 11086 | D:12     | Reached skill level 13 in Fighting
 11109 | D:12     | Gained mutation: You are missing an eye, making it more difficult to aim. [Ru sacrifice]
 11189 | D:12     | Noticed a seven-headed hydra
 11197 | D:12     | Killed a seven-headed hydra
 11423 | D:8      | Got a fine ring mail
 11434 | D:8      | Identified the +2 ring mail of Honesty {Dex+2} (You took it off a hobgoblin on level 8 of the Dungeon)
 11695 | D:12     | Found a staircase to the Orcish Mines.
 11900 | Orc:1    | Entered Level 1 of the Orcish Mines
 11947 | Orc:1    | Noticed Erica
 11955 | Orc:1    | Killed Erica
 12056 | Orc:2    | Found Werraiqeibb's Jewellery Emporium.
 12397 | Orc:3    | Reached skill level 5 in Evocations
 12956 | Orc:3    | Found Bofet's Food Boutique.
 13553 | Orc:2    | Gained mutation: You have somewhat slow reflexes. (-3 EV) [Ru sacrifice]
 13606 | Orc:2    | Found a roughly hewn altar of Beogh.
 13826 | Orc:1    | Gained mutation: You are surrounded by a moderate repulsion field (EV +3). [demonic ancestry]
 13826 | Orc:1    | Reached XP level 13. HP: 59/111 MP: 11/18
 13963 | Orc:4    | Entered Level 4 of the Orcish Mines
 14066 | Orc:4    | Found a shimmering altar of Xom.
 14094 | Orc:4    | Found Erphouha's Gadget Boutique.
 14200 | Orc:4    | Noticed an orc warlord
 14269 | Orc:4    | Killed an orc warlord
 14280 | Orc:4    | Found Hinipt's General Store.
 14858 | Orc:4    | Found Tuqadd's Book Shop.
 14965 | Orc:4    | Found a staircase to the Elven Halls.
 15042 | Orc:4    | Reached skill level 10 in Evocations
 15071 | Orc:4    | Found Ymasal's Antique Weapon Shoppe.
 15250 | Orc:4    | Found Gouphas's Antique Armour Emporium.
 15258 | Orc:4    | Bought a steaming hat for 207 gold pieces
 15263 | Orc:4    | Identified the +1 hat of Torchistot {rF+ rCorr Int+3 Stlth-} (You bought it in a shop on level 4 of the Orcish Mines)
 15353 | Orc:4    | Bought an ancient morningstar for 333 gold pieces
 15353 | Orc:4    | Identified the +5 morningstar of Trog {crush, +Inv Str+3} (You bought it in a shop on level 4 of the Orcish Mines)
 15392 | Orc:4    | Bought 2 scrolls of fog for 56 gold pieces
 15392 | Orc:4    | Bought a lamp of fire for 560 gold pieces
 15641 | Lair:1   | Entered Level 1 of the Lair of Beasts
 17705 | Lair:3   | Identified a scroll of acquirement
 18290 | Lair:4   | Gained mutation: You have a pair of horns on your head. [demonic ancestry]
 18290 | Lair:4   | Reached XP level 14. HP: 107/118 MP: 19/23
 19171 | Lair:5   | You fall through a shaft!
 19195 | Lair:6   | Reached skill level 14 in Evocations
 19285 | Lair:6   | Found a staircase to the Shoals.
 19309 | Lair:6   | Found a dark tunnel.
 19318 | Volcano  | Entered a volcano
 19616 | Lair:6   | Reached skill level 1 in Maces & Flails
 19763 | Lair:6   | Found a staircase to the Snake Pit.
 20032 | Lair:6   | Found a viscous altar of Jiyva.
 20032 | Lair:6   | Found a staircase to the Slime Pits.
 20064 | Lair:6   | Reached skill level 5 in Maces & Flails
 20572 | Lair:7   | Found an ancient bone altar of Kikubaaqudgha.
 20751 | Lair:7   | Learned a level 3 spell: Regeneration
 20835 | Lair:7   | Noticed Kirke
 20852 | Lair:7   | Killed Kirke
 21307 | Lair:8   | Entered Level 8 of the Lair of Beasts
 21362 | Lair:8   | Noticed Maud
 21371 | Lair:8   | Killed Maud
 21538 | Lair:8   | Noticed Nessos
 21549 | Lair:8   | Killed Nessos
 21641 | Lair:8   | Gained mutation: You are surrounded by a strong repulsion field (EV +4, rMsl). [demonic ancestry]
 21641 | Lair:8   | Reached XP level 15. HP: 121/123 MP: 22/25
 22117 | Lair:8   | Reached skill level 10 in Maces & Flails
 23992 | D:13     | Found Gofev's General Store.
 23995 | D:13     | Bought a potion of heal wounds for 65 gold pieces
 23995 | D:13     | Bought a scroll of identify for 26 gold pieces
 23995 | D:13     | Bought a scroll of blinking for 97 gold pieces
 23995 | D:13     | Bought a potion of haste for 130 gold pieces
 23995 | D:13     | Bought a fan of gales for 520 gold pieces
 24095 | D:13     | Got a shimmering flail
 24096 | D:13     | Identified the +5 flail of Precise Incision {crush, +Inv rN+ MR- Int+4} (You took it off an orc on level 13 of the Dungeon)
 24112 | D:13     | Got a steaming scale mail
 24123 | D:13     | Identified the cursed +0 scale mail of the Prince {rC+ rN+ Str-5 Int+4} (You found it on level 13 of the Dungeon)
 24374 | D:13     | Found a gate to the Vaults.
 24556 | D:13     | Reached skill level 15 in Evocations
 24713 | D:14     | Noticed Sonja
 24718 | D:14     | Killed Sonja
 24989 | D:14     | Reached XP level 16. HP: 108/130 MP: 23/27
 25052 | D:14     | Found a basalt altar of Yredelemnul.
 25180 | D:14     | Reached skill level 16 in Evocations
 25693 | D:15     | Entered Level 15 of the Dungeon
 25816 | D:15     | Found a blossoming altar of Fedhas.
 25817 | D:15     | Found a stormy altar of Qazlal.
 25817 | D:15     | Found a glowing golden altar of the Shining One.
 25887 | D:15     | Reached skill level 17 in Evocations
 26001 | D:15     | Found a staircase to the Depths.
 26220 | D:15     | Gained mutation: You are clumsy. (Dex -2) [a shining eye]
 26224 | D:15     | Reached skill level 18 in Evocations
 26642 | D:15     | Reached skill level 19 in Evocations
 27366 | Snake:1  | Entered Level 1 of the Snake Pit
 27403 | Lair:6   | Reached skill level 20 in Evocations
 27743 | Snake:1  | Found Pet Weaz's Antique Weapon Boutique.
 27762 | Snake:1  | Reached XP level 17. HP: 137/137 MP: 31/31
 27781 | Snake:1  | Noticed Aizul
 27807 | Snake:1  | Killed Aizul
 27895 | Snake:1  | Found Kubow's Food Shoppe.
 29023 | Snake:2  | Noticed Vashnia
 29431 | Snake:2  | Killed Vashnia
 31123 | Snake:4  | Entered Level 4 of the Snake Pit
 31171 | Snake:4  | Found a frozen archway.
 31259 | IceCv    | Entered an ice cave
 31825 | IceCv    | Noticed an Ice Fiend
 31857 | IceCv    | Reached skill level 15 in Fighting
 31870 | IceCv    | Killed an Ice Fiend
 32317 | Snake:4  | Found Qopruxal's Jewellery Shop.
 32328 | Snake:4  | Bought the ring "Imnam" {Fire rElec} for 585 gold pieces
 32632 | Snake:4  | Gained mutation: You have a pair of large horns on your head. [demonic ancestry]
 32632 | Snake:4  | Reached XP level 18. HP: 103/149 MP: 20/32
 32819 | Snake:4  | Found Luqajemo's General Store.
 32975 | Snake:4  | Bought 2 potions of might for 104 gold pieces
 33192 | Snake:4  | Reached skill level 15 in Armour
 33630 | Snake:4  | Got a serpentine rune of Zot
 34368 | Vaults:1 | Entered Level 1 of the Vaults
 35683 | Vaults:1 | Reached XP level 19. HP: 158/161 MP: 33/33
 36507 | Vaults:2 | Found a portal to a secret trove of treasure.
 38342 | Vaults:3 | Reached skill level 21 in Evocations
 38887 | Vaults:3 | Found Mustres's Magic Scroll Shop.
 38898 | Vaults:3 | Bought a scroll of identify for 34 gold pieces
 38899 | Vaults:3 | Bought a scroll of identify for 34 gold pieces
 38899 | Vaults:3 | Bought a scroll of identify for 34 gold pieces
 38901 | Vaults:3 | Bought a scroll of recharging for 161 gold pieces
 38901 | Vaults:3 | Gained mutation: You possess an exceptional clarity of mind. [potion of beneficial mutation]
 39005 | Vaults:3 | Found a staircase to the Crypt.
 39033 | Vaults:3 | Gained mutation: You are robust (+10% HP). [demonic ancestry]
 39033 | Vaults:3 | Reached XP level 20. HP: 141/187 MP: 30/34
 39887 | Vaults:4 | Reached skill level 22 in Evocations
 39906 | Vaults:4 | Upgraded the game from 0.17-a0-1572-g7a1422d to 0.17-a0-1575-g9a29ec8
 42724 | Shoals:1 | Entered Level 1 of the Shoals
 43674 | Shoals:2 | Noticed Roxanne
 43714 | Shoals:2 | Killed Roxanne
 43716 | Shoals:2 | Identified Roxanne's Guide on Shape Shifting (You took it off Roxanne on level 2 of the Shoals)
 44030 | Shoals:2 | Found Setauris's Distillery.
 44038 | Shoals:2 | Bought a potion of cure mutation for 455 gold pieces
 44562 | Vaults:2 | You paid a toll of 2 potions of cure mutation to enter a treasure trove
 44563 | Trove    | Entered a treasure trove
 44625 | Trove    | Got a brightly glowing golden ring
 44626 | Trove    | Identified the ring of the Sun {rPois Stlth+} (You found it in a treasure trove)
 45204 | Shoals:2 | Noticed Nikola
 45244 | Shoals:2 | Killed Nikola
 45467 | Shoals:3 | Gained mutation: You regenerate magic rapidly. [demonic ancestry]
 45467 | Shoals:3 | Reached XP level 21. HP: 196/196 MP: 36/36
 45573 | Shoals:3 | Found Ontel's Distillery.
 45573 | Shoals:3 | Found a runed door.
 45586 | Shoals:3 | Bought 2 potions of heal wounds for 140 gold pieces
 45586 | Shoals:3 | Bought a potion of might for 56 gold pieces
 45959 | Shoals:3 | Found Deaqoaq's General Store.
 45968 | Shoals:3 | Found Cukosu's Assorted Antiques.
 45988 | Shoals:3 | Bought a scroll labeled CORITE QUNEWUN for 41 gold pieces
 45988 | Shoals:3 | Bought a scroll of blinking for 307 gold pieces
 46135 | Shoals:4 | Entered Level 4 of the Shoals
 46170 | Shoals:4 | Noticed Ilsuiw
 46183 | Shoals:4 | Killed Ilsuiw
 47417 | Shoals:4 | Got a barnacled rune of Zot
 48121 | Elf:1    | Entered Level 1 of the Elven Halls
 48164 | Elf:1    | Found a magical portal.
 49707 | Elf:2    | Noticed HEYYEYAAE's ghost (powerful DrBe)
 49752 | Elf:2    | Killed HEYYEYAAE's ghost
 50171 | Elf:2    | Found a runed gate.
 50171 | Elf:2    | Found a runed gate.
 50171 | Elf:2    | Found a runed gate.
 51388 | Shoals:3 | Bought a scroll of enchant weapon for 120 gold pieces
 51669 | Snake:4  | Bought a scroll of enchant weapon for 97 gold pieces
 52165 | Elf:3    | Entered Level 3 of the Elven Halls
 52829 | Elf:3    | Reached XP level 22. HP: 209/209 MP: 37/37
 52938 | Elf:3    | Cast into the Abyss (a deep elf sorcerer)
 53257 | Elf:3    | Escaped the Abyss
 54004 | Elf:3    | Got a polished ring mail
 54005 | Elf:3    | Identified the +5 ring mail "Exi Zogu" {rCorr Str+2 Stlth-} (You found it on level 3 of the Elven Halls)
 54066 | Elf:3    | Learned a level 5 spell: Phase Shift
 54080 | Elf:3    | Got a translucent chain mail
 54081 | Elf:3    | Identified the +1 chain mail of the Apprentice {rCorr Str+6 Int-3} (You found it on level 3 of the Elven Halls)
 54109 | Elf:3    | Learned a level 1 spell: Apportation
 54530 | Slime:1  | Entered Level 1 of the Pits of Slime
 55187 | Slime:6  | Entered Level 6 of the Pits of Slime
 55413 | Slime:6  | Found a viscous altar of Jiyva.
 55870 | Slime:6  | Noticed the royal jelly
 55876 | Slime:6  | Killed the royal jelly
 55980 | Slime:6  | Identified the Guide on the Escort
 56075 | Slime:6  | Got a slimy rune of Zot
 56077 | Slime:6  | Got a warped lead ring
 56078 | Slime:6  | Identified the ring of Zylehoej {rF+ rC- rN+ Int+3 SInv} (You found it on level 6 of the Pits of Slime)
 56566 | Depths:1 | Entered Level 1 of the Depths
 56663 | Depths:1 | Noticed Sojobo
 56800 | D:15     | Paralysed by a great orb of eyes for 6 turns
 56852 | Depths:1 | Killed Sojobo
 57104 | Depths:1 | Reached skill level 15 in Maces & Flails
 57208 | Depths:1 | Found a gateway to Hell.
 57425 | Depths:1 | Found a corrupted altar of Lugonu.
 57477 | Depths:1 | Gained mutation: You are very robust (+20% HP). [demonic ancestry]
 57477 | Depths:1 | Reached XP level 23. HP: 209/236 MP: 38/38
 57705 | Depths:1 | Found an iron altar of Okawaru.
 57931 | Depths:1 | Identified the Tome of Feathers and Conjuration
 58063 | Depths:1 | Found a one-way gate to the infinite horrors of the Abyss.
 59068 | Depths:2 | Gained mutation: You passively map a small area around you. [potion of beneficial mutation]
 59536 | Depths:2 | Found Moeci's Slaves and Accessories.
 59684 | Depths:2 | Found The Legendary Payp's Legendary Smithy.
 59712 | Depths:2 | Found Jack's Jerk-a-riffic Jerky.
 59763 | Depths:2 | Found Wiq Ryuk's Miraculous Elixirs.
 59886 | Depths:2 | Got a pitted long sword
 59887 | Depths:2 | Identified the cursed +1 long sword of Gefetaly {slice, rPois} (You found it on level 2 of the Depths)
 60239 | Depths:2 | Found a one-way gate leading to the halls of Pandemonium.
 60334 | Depths:2 | Found a gateway to a ziggurat.
 60950 | Depths:3 | Noticed Jorgrun
 60957 | Depths:3 | Killed Jorgrun
 60996 | Depths:3 | Noticed the Enchantress
 61036 | Depths:3 | Killed the Enchantress
 61735 | Orc:3    | Bought a bread ration for 60 gold pieces
 61735 | Orc:3    | Bought a bread ration for 60 gold pieces
 61735 | Orc:3    | Bought a bread ration for 60 gold pieces
 61735 | Orc:3    | Bought a bread ration for 60 gold pieces
 62528 | Depths:3 | Got a distressingly furry plate armour
 62549 | Depths:3 | Identified the cursed +1 plate armour of Lifelessness {rC+} (You found it on level 3 of the Depths)
 62819 | Depths:4 | Found a basalt altar of Yredelemnul.
 62833 | Depths:4 | Gained mutation: You are extremely robust (+30% HP). [demonic ancestry]
 62833 | Depths:4 | Reached XP level 24. HP: 220/265 MP: 38/38
 63738 | Depths:5 | Entered Level 5 of the Depths
 64549 | Depths:4 | Reached skill level 23 in Evocations
 65378 | Depths:5 | Found a gate to the Realm of Zot.
 66216 | Vaults:5 | Entered Level 5 of the Vaults
 66239 | Vaults:5 | Reached skill level 24 in Evocations
 66358 | Vaults:5 | Upgraded the game from 0.17-a0-1575-g9a29ec8 to 0.17-a0-1582-ge6b0260
 66378 | Vaults:5 | Noticed an ancient lich
 66386 | Vaults:5 | Killed an ancient lich
 66642 | Vaults:5 | Got a brightly glowing bone amulet
 66645 | Vaults:5 | Identified the amulet "Pianwun" {rCorr Stlth+} (You found it on level 5 of the Vaults)
 66689 | Vaults:5 | Got a heavy robe
 66690 | Vaults:5 | Identified the +4 robe "Teprid" {rF+ Stlth+} (You found it on level 5 of the Vaults)
 67067 | Vaults:5 | Gained mutation: You are completely covered in sharp spines. [demonic ancestry]
 67067 | Vaults:5 | Reached XP level 25. HP: 217/274 MP: 35/39
 67140 | Vaults:5 | Identified Gavet's Incunabulum of Torrid Conjuration
 67161 | Vaults:5 | Reached skill level 25 in Evocations
 67303 | Vaults:5 | Paralysed by an orc sorcerer for 5 turns
 67414 | Vaults:5 | Noticed Frederick
 67852 | Vaults:5 | Got a crude golden ring
 67853 | Vaults:5 | Got a faintly glowing morningstar
 67854 | Vaults:5 | Identified the +8 morningstar of Qedecsos {crush, rC+ Stlth+} (You took it off a vault guard on level 5 of the Vaults)
 67856 | Vaults:5 | Identified the ring of Tuatogh {Ice rN+ Int+4} (You took it off a vault guard on level 5 of the Vaults)
 67996 | Vaults:5 | Killed Frederick
 68017 | Vaults:5 | Reached skill level 26 in Evocations
 68312 | Vaults:5 | Got a smelly scale mail
 68313 | Vaults:5 | Identified the cursed +0 scale mail of Vehumet's Supremacy {Dex+8} (You took it off a deep elf high priest on level 5 of the Vaults)
 68341 | Vaults:5 | Got a pitted brass ring
 68378 | Vaults:5 | Identified the ring of Nieduydu {*Corrode rF+ rC+ rN+} (You took it off a vault sentinel on level 5 of the Vaults)
 68839 | Vaults:5 | Got a silver rune of Zot
 69435 | Zot:1    | Entered Level 1 of the Realm of Zot
 70503 | Zot:1    | Reached skill level 27 in Evocations
 70515 | Zot:1    | Reached skill level 1 in Spellcasting
 70610 | Zot:2    | Reached skill level 1 in Translocations
 71062 | Zot:2    | Reached XP level 26. HP: 165/283 MP: 27/40
 71256 | Zot:2    | Reached skill level 5 in Translocations
 71680 | Zot:2    | Reached skill level 1 in Polearms
 72057 | Zot:2    | Reached skill level 5 in Polearms
 72504 | Zot:2    | Noticed an orb of fire
 72521 | Zot:2    | Gained mutation: You are very clumsy. (Dex -4) [an orb of fire]
 72526 | Zot:2    | Gained mutation: Scrolls take you a little longer to read. [an orb of fire]
 72541 | Zot:2    | Gained mutation: You heal slowly when monsters are visible. [an orb of fire]
 72546 | Zot:2    | Gained mutation: Your flesh is cold resistant. [an orb of fire]
 72549 | Zot:2    | Killed an orb of fire
 72552 | Zot:2    | Lost mutation: You possess an exceptional clarity of mind. [potion of cure mutation]
 72552 | Zot:2    | Lost mutation: Your flesh is cold resistant. [potion of cure mutation]
 72552 | Zot:2    | Lost mutation: Scrolls take you a little longer to read. [potion of cure mutation]
 72552 | Zot:2    | Lost mutation: You heal slowly when monsters are visible. [potion of cure mutation]
 73871 | Zot:3    | Reached skill level 10 in Polearms
 75142 | Zot:3    | Noticed an orb of fire
 75145 | Zot:3    | Gained mutation: You tend to lose your temper in combat. [an orb of fire]
 75158 | Zot:3    | Gained mutation: Your magical capacity is low (-10% MP). [an orb of fire]
 75169 | Zot:3    | Killed an orb of fire
 75305 | Zot:2    | Noticed an orb of fire
 75307 | Zot:2    | Gained mutation: You are dopey. (Int -2) [an orb of fire]
 75333 | Zot:2    | Killed an orb of fire
 75992 | Shoals:2 | Bought a potion of cure mutation for 455 gold pieces
 75992 | Shoals:2 | Bought a potion of resistance for 130 gold pieces
 76275 | D:10     | Bought a potion of heal wounds for 65 gold pieces
 76275 | D:10     | Bought a potion of curing for 39 gold pieces
 76275 | D:10     | Bought a potion of haste for 130 gold pieces
 76275 | D:10     | Bought a potion of might for 52 gold pieces
 76288 | D:10     | Bought a potion of curing for 36 gold pieces
 76288 | D:10     | Bought a potion of curing for 36 gold pieces
 76288 | D:10     | Bought a potion of heal wounds for 60 gold pieces
 76288 | D:10     | Bought a potion of curing for 36 gold pieces
 76288 | D:10     | Bought a potion of might for 48 gold pieces
 76288 | D:10     | Bought a potion of curing for 36 gold pieces
 76288 | D:10     | Bought a potion of might for 48 gold pieces
 76348 | D:11     | Bought a potion of curing for 36 gold pieces
 76348 | D:11     | Bought a potion of heal wounds for 60 gold pieces
 76348 | D:11     | Bought 2 potions of curing for 72 gold pieces
 76348 | D:11     | Bought a potion of curing for 36 gold pieces
 76348 | D:11     | Bought a potion of heal wounds for 60 gold pieces
 76633 | Zig:1    | Entered Level 1 of a ziggurat
 76672 | Zig:2    | Entered Level 2 of a ziggurat
 76698 | Zig:3    | Entered Level 3 of a ziggurat
 76728 | Zig:3    | Identified a +1 rod of destruction (12/12) (You acquired it on level 3 of a ziggurat)
 76735 | Zig:4    | Entered Level 4 of a ziggurat
 76779 | Zig:5    | Entered Level 5 of a ziggurat
 76784 | Zig:5    | Gained mutation: Scrolls take you a little longer to read. [a shining eye]
 76807 | Zig:5    | Lost mutation: Scrolls take you a little longer to read. [potion of cure mutation]
 76807 | Zig:5    | Lost mutation: You are dopey. (Int -2) [potion of cure mutation]
 76807 | Zig:5    | Lost mutation: You are very clumsy. (Dex -4) [potion of cure mutation]
 76807 | Zig:5    | Lost mutation: Your magical capacity is low (-10% MP). [potion of cure mutation]
 76807 | Zig:5    | Lost mutation: You tend to lose your temper in combat. [potion of cure mutation]
 76807 | Zig:5    | Lost mutation: You are clumsy. (Dex -2) [potion of cure mutation]
 76813 | Zig:5    | Identified a -1 rod of clouds (12/12) (You found it on level 5 of a ziggurat)
 76822 | Zig:5    | Got a faintly humming chain mail
 76823 | Zig:5    | Identified the +1 chain mail of Mempira {rF- Dex+7} (You found it on level 5 of a ziggurat)
 76843 | Zig:6    | Entered Level 6 of a ziggurat
 76854 | Zig:6    | Gained mutation: When low on magic, you restore magic in place of health. [demonic ancestry]
 76854 | Zig:6    | Reached XP level 27. HP: 270/291 MP: 38/40
 76945 | Zig:6    | Identified Roxanne's Compendium of Unstable Earth
 76961 | Zig:7    | Entered Level 7 of a ziggurat
 77141 | Zig:7    | Got a wavering granite ring
 77142 | Zig:7    | Identified the ring of Emorchint {-Tele +Inv +Fly rN+ Int+6} (You found it on level 7 of a ziggurat)
 77160 | Zig:7    | Identified the Catalogue of Ice
 77170 | Zig:8    | Entered Level 8 of a ziggurat
 77346 | Zig:9    | Entered Level 9 of a ziggurat
 77507 | Zig:9    | Got a heavily runed amber ring
 77508 | Zig:9    | Identified the ring "Iseemast" {rElec MP+9 Str+6 Dex+2} (You found it on level 9 of a ziggurat)
 77530 | Zig:9    | Got a brightly glowing tin amulet
 77531 | Zig:9    | Identified the amulet "Faiculep" {Inacc rElec rF- Str+8} (You found it on level 9 of a ziggurat)
 77537 | Zig:10   | Entered Level 10 of a ziggurat
 77747 | Zig:10   | Identified a +0 rod of inaccuracy (11/11) (You found it on level 10 of a ziggurat)
 77757 | Zig:11   | Entered Level 11 of a ziggurat
 77877 | Zig:11   | Got a pitted ruby amulet
 77878 | Zig:11   | Identified the amulet of Feoreig {Faith rElec rPois Str-4 Int+2} (You found it on level 11 of a ziggurat)
 77886 | Zig:12   | Entered Level 12 of a ziggurat
 78054 | Zig:12   | Got a smoking iron amulet
 78055 | Zig:12   | Identified the amulet of Heresy {+Rage rElec MP+9} (You found it on level 12 of a ziggurat)
 78111 | Zig:13   | Entered Level 13 of a ziggurat
 78656 | Zig:13   | Identified a +5 rod of the swarm (11/11) (You found it on level 13 of a ziggurat)
 78681 | Zig:14   | Entered Level 14 of a ziggurat
 79017 | Zig:14   | Got a twisted eveningstar
 79018 | Zig:14   | Identified the +6 eveningstar "Muckeyr" {elec, *Rage rElec Str+2} (You found it on level 14 of a ziggurat)
 79048 | Zig:15   | Entered Level 15 of a ziggurat
 79207 | Zig:15   | Got a bloodstained trident
 79208 | Zig:15   | Identified the +8 trident "Vunkulaw" {pierce, rN+ Dex+2 SInv} (You found it on level 15 of a ziggurat)
 79226 | Zig:15   | Identified the Collected Works on Conjuration
 79230 | Zig:15   | Got a steaming chain mail
 79241 | Zig:15   | Identified the cursed +1 chain mail "Nimn" {Slay+2} (You found it on level 15 of a ziggurat)
 79249 | Zig:15   | Got a steaming scale mail
 79255 | Zig:15   | Identified the +1 scale mail of Lavox {*Contam rF+ rC+ SInv} (You found it on level 15 of a ziggurat)
 79411 | Zig:16   | Entered Level 16 of a ziggurat
 79457 | Zig:16   | Gained mutation: You have supernaturally acute eyesight. [a shining eye]
 79816 | Zig:16   | Identified a +5 rod of shadows (11/11) (You found it on level 16 of a ziggurat)
 79822 | Zig:16   | Identified a +6 rod of destruction (14/14) (You found it on level 16 of a ziggurat)
 79832 | Zig:16   | Learned a level 1 spell: Corona
 79836 | Zig:16   | Got a shimmering chain mail
 79849 | Zig:16   | Identified the +2 chain mail of Sif Muna's Wrath {Dex+5} (You found it on level 16 of a ziggurat)
 79861 | Zig:16   | Gained mutation: You have large cloven feet. [potion of beneficial mutation]
 79862 | Zig:16   | Identified the Papyrus of Transformation and Calling (You found it on level 16 of a ziggurat)
 81533 | Zot:5    | Entered Level 5 of the Realm of Zot
 81954 | Zot:5    | Noticed an ancient lich
 81969 | Zot:5    | Killed an ancient lich
 82138 | Zot:5    | Noticed an orb of fire
 82278 | Zot:5    | Noticed an ancient lich
 82304 | Zot:5    | Killed an orb of fire
 82315 | Zot:5    | Killed an ancient lich
 82315 | Zot:5    | Reached skill level 10 in Translocations
 82325 | Zot:5    | Noticed an ancient lich
 82349 | Zot:5    | Killed an ancient lich
 82591 | Zot:5    | Noticed an ancient lich
 82620 | Zot:5    | Killed an ancient lich
 82743 | Zot:5    | Noticed an ancient lich
 82802 | Zot:5    | Noticed an ancient lich
 82827 | Zot:5    | Killed an ancient lich
 82888 | Zot:5    | Noticed an ancient lich
 82907 | Zot:5    | Killed an ancient lich
 83112 | Zot:5    | Noticed an ancient lich
 83121 | Zot:5    | Killed an ancient lich
 83295 | Zot:5    | Reached skill level 1 in Hexes
 83410 | Zot:5    | Noticed an ancient lich
 83417 | Zot:5    | Noticed an ancient lich
 83421 | Zot:5    | Killed an ancient lich
 83426 | Zot:5    | Noticed an ancient lich
 83432 | Zot:5    | Killed an ancient lich
 83442 | Zot:5    | Killed an ancient lich
 83442 | Zot:5    | Reached skill level 15 in Translocations
 83452 | Zot:5    | Killed an ancient lich
 83616 | Zot:5    | Got the Orb of Zot
 83655 | Zot:5    | Noticed an orb of fire
 83668 | Zot:5    | Gained mutation: You are agile. (Dex +2) [an orb of fire]
 83684 | Zot:5    | Killed an orb of fire
 83700 | Zot:5    | Noticed Ymuk the pandemonium lord
 83719 | Zot:5    | Killed Ymuk the pandemonium lord
 83740 | Zot:4    | Noticed Ilipeeda the pandemonium lord
 83748 | Zot:4    | Killed Ilipeeda the pandemonium lord
 84171 | D:2      | Noticed Ituehu the pandemonium lord
 84171 | D:2      | Noticed an ancient lich
 84183 | D:2      | Killed Ituehu the pandemonium lord
 84192 | D:2      | Killed an ancient lich
 84249 | D:1      | Noticed Ifuxzir the pandemonium lord
 84256 | D:1      | Killed Ifuxzir the pandemonium lord
 84366 | D:$      | Escaped with the Orb!

Vault maps used:
D:1:      lemuel_arrival_broad_hall
D:2:      grunt_ministairs_8
D:3:      first_bread, uniq_sigmund
D:4:      nicolae_ashenzari_panopticon, serial_shops, shop, minivault_1,
          grunt_qazlal_clouds
D:5:      lemuel_castle_with_subvaults, uniq_eustachio
D:6:      lemuel_crystal_altar, minmay_temple_entry_fiery, basic_altar,
          nrook_pool_corridor, minmay_misc_feat_ornament
D:7:      serial_glass, glass_columns_a, glass_columns_b, glass_columns_c,
          glass_columns_a, glass_columns_a, glass_columns_b, glass_columns_a,
          glass_columns_a, glass_columns_c, glass_columns_a, item_on_display_a,
          feat_on_display, minmay_strange_pillars, due_unseen_surprise,
          the_bakery, uniq_crazy_yiuf_cottage
D:8:      grunt_temple_overflow_bloody_war, minmay_overflow_temple_star_quad,
          uniq_grum
D:9:      erik_lair_orcish_takeover, uniq_psyche, uniq_maurice
D:10:     minmay_imperfect_grid, serial_shops, kennysheep_mini, shop, shop,
          shop, serial_ice, serial_ice_g, serial_ice_o, serial_ice_e,
          serial_ice_k, serial_ice_n, serial_ice_m, serial_ice_a, serial_ice_h,
          serial_ice_d, serial_ice_c
D:11:     basic_altar, serial_shops, nicolae_shop_crystal
D:12:     david_orc_2, lab_entry_generic, kennysheep_boxes, uniq_erolcha,
          uniq_urug, uniq_frances
D:13:     grunt_vaults_entry_fortified, serial_shops, nicolae_shop_behind_doors,
          spider_trap
D:14:     hangedman_cross_cluster, uniq_sonja
D:15:     hangedman_slaughterboxes
Temple:   circular_temple_12
Lair:1:   beast_lair_carwin_large_3, minivault_25, dpeg_stationary_puzzle,
          infiniplex_staircase_pool
Lair:2:   infiniplex_staircase_pool_2, serial_bayou_shore_b
Lair:3:   beast_lair_carwin_8
Lair:5:   minivault_29, bh_autumn_forest_stairs
Lair:6:   elwin_shoals_entry_stream, guppyfry_snake_entry_garden, slime_altar_1,
          nicolae_volcano_entry_lava_flow, beast_lair_carwin_9,
          serial_bayou_shore_b
Lair:7:   basic_altar, uniq_kirke
Lair:8:   guppyfry_lair_end_dragon, hangedman_lair_in_review,
          grunt_megastairs_4, uniq_nessos, uniq_maud
Shoals:2: serial_shops, shop, uniq_nikola, uniq_roxanne
Shoals:3: serial_shops, shop, nicolae_shop_overgrown_old_shop, shop_statue,
          lightli_airlock
Shoals:4: shoals_end_simple, shoal_ilsuiw, nicolae_shoals_kraken_intersection
Snake:1:  cheibrodos_snake_lava_hold, serial_shops,
          nicolae_shop_competitors_out_of_business,
          nicolae_shop_overgrown_old_shop, uniq_aizul
Snake:2:  nicolae_snake_round_shape_thing, uniq_vashnia
Snake:4:  snake_pit, portal_ice_cave_demonic_guard, special_room, serial_shops,
          shop, nicolae_shop_stone, grunt_ministairs_12
Slime:1:  cheibrodos_slime_lost_civilization_2,
          cheibrodos_slime_lost_civilization_6
Slime:4:  nicolae_slime_phagocytosis
Slime:5:  cheibrodos_slime_lost_civilization_3,
          cheibrodos_slime_lost_civilization_4
Orc:1:    uniq_erica
Orc:2:    serial_shops, shop, mines1_david
Orc:3:    serial_shops, nicolae_shop_temple_entry_statues_fountains,
          nicolae_orc_pool_cavern
Orc:4:    grunt_orc_gardens, grunt_orc_garden, grunt_orc_garden,
          grunt_orc_garden, grunt_orc_garden, basic_altar, serial_shops,
          nicolae_shop_waterfront
Elf:1:    mu_enter_wizlab_1, minmay_elf_crystal_heptagon
Elf:2:    hex_large, item_on_display_a
Elf:3:    elf_hall
Vaults:1: v_misc_23, ontoclasm_vaults_hangar, vaults_dpeg_hooks,
          nicolae_vaults_sealed_display, nicolae_vaults_big_ls, v_misc_16,
          vaults_room_grunt_arrival_checkpoint, nicolae_vaults_border_crossing,
          nicolae_vaults_big_angled_halls, v_misc_4, dpeg_vaults_monster_box,
          vaults_room_hallway
Vaults:2: nicolae_vaults_rhombus_5, vaults_mumra_minichess,
          nicolae_vaults_little_ls, v_pattern_4,
          nicolae_vaults_yaktaur_gun_rack, v_misc_28, grunt_vaults_twisty,
          v_misc_24, nicolae_vaults_theta, vaults_mumra_minichess_inversion,
          vaults_room_pool, enter_trove_2
Vaults:3: minmay_crypt_entry_skeletal_spiral, grunt_vaults_focal,
          vaults_dpeg_doors, vaults_room_fancy_cross, hangedman_vaults_capsules,
          vaults_room_hallway, serial_shops, nicolae_shop_crystal
Vaults:4: grunt_vaults_swirl, nicolae_vaults_fighting_squares, v_misc_17,
          v_alt_pattern_4, vaults_dpeg_ring, dpeg_vaults_monster_row,
          ontoclasm_vaults_spin, nicolae_vaults_circle_grid_b,
          vaults_room_semicircle, v_alt_pattern_6, hangedman_vaults_nails,
          ontoclasm_vaults_ring_square, v_rooms_5, ontoclasm_vaults_idyll,
          vaults_room_pools
Vaults:5: uniq_frederick
Depths:1: abyss_entry_flame_altar, grunt_hell_entry_demonic_statue,
          okawaru_ov_weapons_minmay, hangedman_elemental_death_ray, uniq_sojobo
Depths:2: grated_community_mu, enter_ziggurat_d, serial_bayou_shore_b,
          hell_entry, rand_demon_pan_entry_8, minivault_22
Depths:3: lemuel_flame_loot_2, hell_entry, pan_entry,
          infiniplex_staircase_pool_1, uniq_jorgrun, uniq_enchantress
Depths:4: lemuel_vampire_tower, hell_entry, abyss_entry,
          small_statue_intersection
Depths:5: evilmike_zot_entry_basic, hell_entry, hangedman_decor_opposing
Zot:2:    lemuel_acid_trip, st_stairs_12, grunt_ministairs_5
Zot:4:    lemuel_draconian_sentries_small
Zig:5:    ziggurat_loot_1
Zig:10:   ziggurat_pillar_centre_oklobs
Zig:13:   ziggurat_pillar_centre_c
Zig:16:   ziggurat_loot_1
Lab:      nicolae_lab_garden
Trove:    trove_jewel_1
IceCv:    ice_cave_caverns_02
Volcano:  volcano_pools

Action                   |  1- 3 |  4- 6 |  7- 9 | 10-12 | 13-15 | 16-18 | 19-21 | 22-24 | 25-27 || total
-------------------------+-------+-------+-------+-------+-------+-------+-------+-------+-------++-------
Melee: Short sword       |   260 |    60 |   343 |   284 |       |       |       |       |       ||   947
       Rapier            |       |       |       |   492 |  1081 |       |       |       |       ||  1573
       Demon whip        |       |       |       |       |   751 |  2226 |  2872 |   634 |       ||  6483
       Rod               |       |       |       |       |       |     4 |     2 |       |       ||     6
       Eveningstar       |       |       |       |       |       |       |       |  1414 |   881 ||  2295
       Lance             |       |       |       |       |       |       |       |       |  1495 ||  1495
Throw: Tomahawk          |       |     8 |       |       |       |       |       |       |       ||     8
 Cast: Phase Shift       |       |       |       |       |       |       |       |       |     1 ||     1
       Corona            |       |       |       |       |       |       |       |       |     1 ||     1
Invok: Sacrifice Nimblen |       |       |     1 |       |       |       |       |       |       ||     1
       Sacrifice Love    |       |       |       |     1 |       |       |       |       |       ||     1
       Sacrifice a Hand  |       |       |       |     1 |       |       |       |       |       ||     1
       Power Leap        |       |       |       |     7 |     6 |     5 |    11 |    11 |     7 ||    47
       Draw Out Power    |       |       |       |     1 |       |       |     1 |     1 |     5 ||     8
       Sacrifice Health  |       |       |       |     1 |       |       |       |       |       ||     1
       Sacrifice an Eye  |       |       |       |     1 |       |       |       |       |       ||     1
       Apocalypse        |       |       |       |       |       |     2 |       |     1 |       ||     3
Evoke: Wand              |     2 |     5 |    10 |    16 |     1 |       |    10 |    18 |    35 ||    97
       Rod               |       |       |       |       |    17 |    15 |    46 |    42 |   108 ||   228
       Disc of storms    |       |       |       |       |       |    14 |    15 |       |       ||    29
       Phial of floods   |       |       |       |       |       |       |       |     2 |     2 ||     4
       Lamp of fire      |       |       |       |       |       |       |       |     2 |     1 ||     3
       Fan of gales      |       |       |       |       |       |       |       |     1 |       ||     1
  Use: Scroll            |     3 |     6 |    10 |     9 |    24 |    12 |    16 |    33 |    31 ||   144
       Potion            |       |       |       |     3 |     3 |     3 |     7 |    15 |    27 ||    58
 Stab: Paralysed         |       |       |     1 |     4 |    13 |    12 |    34 |    15 |    15 ||    94
       Invisible         |       |       |       |     3 |    20 |    26 |    38 |    23 |    30 ||   140
       Distracted        |       |       |       |       |       |    10 |     5 |     7 |     8 ||    30
       Confused          |       |       |       |       |       |       |     5 |       |       ||     5
  Eat: Chunk             |     2 |     4 |     7 |    10 |     7 |     1 |    17 |    11 |     4 ||    63
       Pizza             |       |       |     1 |       |       |     1 |     1 |     3 |     4 ||    10
       Beef jerky        |       |       |     2 |     4 |     2 |     5 |     4 |     6 |     3 ||    26
       Meat ration       |       |       |       |     3 |     9 |     5 |     4 |     5 |     2 ||    28
       Bread ration      |       |       |       |       |     1 |     3 |     8 |    10 |    12 ||    34
       Royal jelly       |       |       |       |       |       |       |     2 |       |     5 ||     7
       Fruit             |       |       |       |       |       |       |     7 |     1 |    11 ||    19
